cohdb
Replays
Latest Replays
All Replays
Popular Replays
Top Player Replays
Match Explorer
How It Works
Community
CoH3 Stats
Reddit
Sign in to upload your games and track your stats! →
Sign in with Steam
Match 38778937
Unlisted
Match 38778937
Overview
Messages
Build Orders
End
Royal Engineer Section
Selects Australian Defense Battlegroup
Selects Australian Light Infantry Section
Australian Light Infantry Section
Australian Light Infantry Section
Vickers Machine Gun Team
Construct Section Command Post
Construct Platoon Command Post
Selects 2-pounder Anti-tank Gun Team
Infantry Section
Humber Armored Car
Construct Company Command Post
2-pounder Anti-tank Gun Team
Foot Guards Section
Matilda II Heavy Tank
BIOHAZARD
Sauzer88
MaXiS
LilDick
0
0
Comments
sign in to comment!
No comments posted yet!